 Dungeon Crawl Stone Soup version 0.31.0-11-ge490571c62 (webtiles) character file.

Game seed: 10651836643915844695

61920 Maffolandro the Warrior (level 15, -11/116 HPs)
             Began as a Human Wanderer on Jan 28, 2024.
             Was the Champion of Hepliaklqana.
             Mangled by Snorg (17 damage)
             ... on level 1 of the Orcish Mines on Feb 1, 2024.
             The game lasted 01:46:24 (20251 turns).

Maffolandro the Warrior (Human Wanderer)           Turns: 20251, Time: 01:46:25

Health: -11/116    AC: 31    Str: 26    XL:     15   Next: 4%
Magic:  21/21      EV:  5    Int: 18    God:    Hepliaklqana [******]
Gold:   1530       SH:  0    Dex: 17    Spells: 18/22 levels left

rFire   . . .        b - +2 trident (venom)
rCold   . . .        (no shield)
rNeg    . . .        u - +10 plate armour "Kuopug" {Dex+4 Stlth+}
rPois   .            V - +2 hat
rElec   .            F - +0 cloak
rCorr   .            z - +0 pair of gloves
SInv    .            i - +0 pair of boots
Will    +....        C - amulet of regeneration Stlth
                     W - +6 ring of strength
HPRegen 1.19/turn    m - +6 ring of strength
MPRegen 0.17/turn

%: no passive effects
@: grasped by roots, unable to call your familiar, constricted
A: reduced essence, explore regen
a: Renounce Religion, Recall Ancestor, Ancestor Identity, Transference, Idealise


You were on level 1 of the Orcish Mines.
You worshipped Hepliaklqana.
Hepliaklqana was exalted by your worship.
You visited 3 branches of the dungeon, and saw 18 of its levels.
You also visited: Ice Cave.

You collected 1692 gold pieces.
You spent 162 gold pieces at shops.

Inventory:

Hand Weapons
 b - a +2 trident of venom (weapon)
 J - a +0 longbow of freezing
Missiles
 j - 11 boomerangs
 n - 21 javelins
 D - 23 poisoned darts (quivered)
 E - 3 atropa-tipped darts
 I - 4 silver javelins
Armour
 i - a +0 pair of boots (worn)
 u - the +10 plate armour "Kuopug" (worn) {Dex+4 Stlth+}
   (You found it on level 2 of the Dungeon)

   Dex+4:     It affects your dexterity (+4).
   Stlth+:    It makes you more stealthy.
 z - a +0 pair of gloves (worn)
 F - a +0 cloak (worn)
 V - a +2 hat (worn)
Jewellery
 d - a ring of protection from cold
 m - a +6 ring of strength (right hand)
 C - an amulet of regeneration (around neck)
 W - a +6 ring of strength (left hand)
 Z - a ring of protection from cold
Wands
 A - a wand of mindburst (7)
 B - a wand of flame (18)
 K - a wand of light (13)
 O - a wand of roots (16)
 X - a wand of digging (11)
Scrolls
 a - a scroll of immolation
 f - a scroll of silence
 g - 2 scrolls of enchant armour {unknown}
 k - 5 scrolls of noise {unknown}
 o - 3 scrolls of blinking
 q - 2 scrolls of torment
 v - 6 scrolls of enchant weapon {unknown}
 x - 4 scrolls of butterflies
 y - 5 scrolls of fog {unknown}
 G - 2 scrolls of poison
 H - 6 scrolls of teleportation {unknown}
 S - 6 scrolls of amnesia {unknown}
 T - a scroll of fear
 U - 4 scrolls of vulnerability {unknown}
Potions
 c - 2 potions of attraction
 e - 9 potions of curing {unknown}
 h - 2 potions of resistance {unknown}
 l - 2 potions of haste {unknown}
 p - 6 potions of cancellation {unknown}
 r - 3 potions of brilliance {unknown}
 s - 2 potions of degeneration {unknown}
 t - a potion of magic {unknown}
 w - 2 potions of might {unknown}
 L - 11 potions of ambrosia
 M - 3 potions of enlightenment {unknown}
 P - 4 potions of heal wounds
 Q - 2 potions of berserk rage
 R - a potion of invisibility
Miscellaneous
 Y - a condenser vane


   Skills:
 * Level 15.5 Fighting
 - Level 14.0 Polearms
 - Level 2.0 Ranged Weapons
 + Level 10.7 Armour
 - Level 2.0 Dodging
 - Level 2.0 Stealth
 - Level 4.0 Spellcasting
 - Level 12.0 Summonings


You had 18 spell levels left.
You knew the following spells:

 Your Spells              Type           Power      Damage    Failure   Level
a - Summon Small Mammal   Summ           100%       N/A       1%          1
b - Call Canine Familiar  Summ           46%        N/A       2%          3

Your spell library contained the following spells:

 Spells                   Type           Power      Damage    Failure   Level
 Martyr's Knell           Necr/Summ      25%        N/A       73%         4
 Summon Blazeheart Golem  Fire/Summ      25%        N/A       73%         4
 Summon Lightning Spire   Summ/Air       25%        N/A       73%         4
 Apportation              Tloc           6%         N/A       78%         1
 Necrotise                Necr           12%        1d4       78%         1
 Shock                    Conj/Air       12%        1d3       78%         1
 Sting                    Conj/Alch      12%        1d3       78%         1
 Summon Cactus Giant      Summ           23%        N/A       82%         6
 Mercury Vapours          Alch/Air       6%         N/A       89%         2
 Scorch                   Fire           6%         2d5       89%         2
 Dazzling Flash           Conj/Hex       6%         N/A       98%         3
 Inner Flame              Hex/Fire       3%         N/A       98%         3
 Mephitic Cloud           Conj/Alch/Air  3%         N/A       98%         3
 Sigil of Binding         Hex            3%         N/A       98%         3
 Swiftness                Air            3%         N/A       98%         3
 Tukima's Dance           Hex            3%         N/A       98%         3
 Volatile Blastmotes      Fire/Tloc      6%         2d10      98%         3
 Airstrike                Air            1%         2d(1-17)  100%        4
 Dimensional Bullseye     Hex/Tloc       1%         N/A       100%        4
 Flame Wave               Conj/Fire      3%         2d5       100%        4
 Passage of Golubria      Tloc           3%         N/A       100%        4
 Freezing Cloud           Conj/Ice/Air   1%         6-21      100%        5
 Irradiate                Conj/Alch      1%         3d12      100%        5
 Iskenderun's Battlesphe  Conj           3%         2d6       100%        5
 Yara's Violent Unravell  Hex/Alch       1%         3d3       100%        5
 Bombard                  Conj/Erth      1%         9d1       100%        6
 Starburst                Conj/Fire      1%         6d3       100%        6
 Spellforged Servitor     Conj/Summ      12%        N/A       100%        7
 Ignition                 Fire           1%         3d3       100%        8
 Maxwell's Capacitive Co  Air            1%         ∞         100%        8


Dungeon Overview and Level Annotations

Branches:
Dungeon (12/15)            Temple (0/1) D:7            Lair (5/5) D:8
 Shoals (0/4) Lair:2        Snake (0/4) Lair:2        Slime (0/5) Lair:5
    Orc (1/2) D:12          IceCv (visited)

Altars:
Ashenzari
Cheibriados
Hepliaklqana
Makhleb
The Shining One
Jiyva

Shops:
D:1 [   D:3 (((*=   D:9 *

Portals:
Hell: Lair:5

Annotations:
Lair:2 1 runed translucent door, Reubyar's ghost, journeyman MiBe
Orc:1 Jorgrun; Snorg


Innate Abilities, Weirdness & Mutations

Your life essence is reduced to manifest your ancestor. (-10% HP)
You regain HP and MP as you explore.


Message History

The orc knight closely misses you. Snorg completely misses you.
Snorg barely misses you. Snorg claws you but does no damage.
You closely miss Snorg.
Snorg is heavily wounded.
Snorg bites you but does no damage. Snorg claws you.
Snorg claws you but does no damage.
Jorgrun points next to you and mumbles some strange words.
Some rock shatters into small pieces.
Snorg bites you! Snorg claws you but does no damage. x2
The orc knight looks more healthy.
Snorg attacks as she pursues you! Snorg barely misses you.
Snorg claws you but does no damage. Snorg claws you.
Jorgrun points at you and mumbles some strange words.
Roots burst forth from the earth!
The grasping roots grab you! The grasping roots constrict you. Snorg bites you.
Snorg claws you. Snorg claws you but does no damage.
You hit Snorg.
Snorg looks as sick as possible!
Snorg is severely wounded.
Unknown command.
You puncture Snorg!
Snorg looks as sick as possible!
Snorg is severely wounded.
The orc warrior no longer looks unusually strong.
Snorg bites you! Snorg completely misses you.
Snorg claws you but does no damage.
Jorgrun points next to Snorg and mumbles some strange words.
Some rock shatters into small pieces.
The grasping roots constrict you!
* * * LOW HITPOINT WARNING * * *
You hit Snorg.
Snorg is severely wounded.
Snorg bites you!
* * * LOW HITPOINT WARNING * * *
Snorg claws you!
* * * LOW HITPOINT WARNING * * *
Snorg claws you but does no damage.
You puncture Snorg!
Snorg is almost dead.
Snorg bites you!
You die...

#### #.@## ####.T##### # ###
##.###.o##.## ## ##.##
#...###go...# .## ##...#
##...#......## ..#
#...#####...........#
######..##.##..........##
†..†.#..................#
.....#..#...............)..#


You could see Jorgrun, Snorg (berserk, extremely poisoned), an orc knight and an
orc warrior.

Vanquished Creatures
  An orc warlord (D:11)
  3 hydras (Lair:5)
  A two-headed ogre (D:12)
  A boulder beetle (D:12)
  4 death yaks
  A sun demon (Lair:5)
  A skyshark (Lair:5)
  2 bog bodies (IceCv)
  A manticore (D:12)
  An orc knight (Orc:1)
  8 elephants
  A merfolk siren (Lair:2)
  2 black mambas
  An ice statue (IceCv)
  Joseph (D:10)
  2 torpor snails
  A smoke demon (Lair:5)
  An unseen horror (D:12)
  6 cane toads
  2 orange demons (Lair:5)
  5 rime drakes
  4 komodo dragons
  2 ice devils (Lair:5)
  An anaconda simulacrum (IceCv)
  A queen bee (Orc:1)
  A hornet (D:9)
  4 trolls
  2 polar bears
  2 blink frogs (Lair:5)
  5 dream sheep (Lair:5)
  4 slime creatures
  3 wyverns
  A shadow (D:10)
  19 yaks
  2 basilisks
  2 vampire mosquitoes (D:11)
  2 harpy simulacra (IceCv)
  4 hell hounds (Lair:5)
  6 water moccasins
  A hydra simulacrum (IceCv)
  6 orc warriors
  4 ogres
  2 black bears
  2 phantoms (D:6)
  7 bullfrogs
  7 two-headed ogre simulacra (IceCv)
  3 scorpions
  5 wights
  21 killer bees
  2 howler monkeys
  4 electric eels
  4 bombardier beetles
  A hound (D:5)
  5 jellies
  7 orc priests
  2 iguanas
  10 orc wizards
  2 hell rats (Lair:3)
  A spriggan simulacrum (IceCv)
  A wolf simulacrum (IceCv)
  A polar bear simulacrum (IceCv)
  6 gnolls
  6 adders
  3 naga simulacra (IceCv)
  10 river rats (Lair:3)
  2 shadow imps
  3 white imps (IceCv)
  4 ufetubi (IceCv)
  11 dart slugs
  3 ribbon worms (D:2)
  32 orcs
  7 ball pythons
  2 bats
  5 endoplasms
  5 goblins
  6 hobgoblins
  2 jackals (D:3)
  3 quokkas
  3 frilled lizards (D:2)
  8 kobolds
  5 rats
335 creatures vanquished.

Vanquished Creatures (collateral kills)
  2 hydras (Lair:4)
  2 boulder beetles
  3 two-headed ogres
  4 death yaks (Lair:4)
  An occultist (Lair:5)
  A lindwurm (Lair:4)
  A deep elf zephyrmancer (D:12)
  An orc sorcerer (Orc:1)
  A manticore (D:12)
  A cyclops (D:12)
  11 elephants
  A black mamba (Lair:2)
  5 cane toads
  A gargoyle (D:9)
  A kobold demonologist (D:10)
  2 ice devils
  4 komodo dragons (Lair:5)
  A freezing wraith (IceCv)
  A troll (D:12)
  4 polar bears
  2 blink frogs (Lair:5)
  3 dream sheep
  A slime creature (D:12)
  A shadow (D:12)
  21 yaks
  A spriggan (shapeshifter) (D:12)
  A vampire (D:12)
  2 wyverns (D:9)
  2 nameless horrors
  A wraith (D:12)
  2 basilisks
  2 vampire mosquitoes (D:11)
  A naga (Lair:2)
  3 acid dragons
  12 water moccasins
  4 orc warriors
  A black bear (Lair:4)
  3 wolves
  A centaur (D:9)
  A kobold brigand (D:7)
  6 bullfrogs
  A gnoll sergeant (D:10)
  3 two-headed ogre simulacra (IceCv)
  11 wights
  20 killer bees
  3 howler monkeys (D:9)
  An electric eel (D:6)
  A bombardier beetle (D:7)
  2 jellies (Lair:5)
  3 orc priests
  A gnoll bouda (D:8)
  3 orc wizards
  5 spriggan simulacra (IceCv)
  2 polar bear simulacra (IceCv)
  2 troll simulacra (IceCv)
  7 gnolls
  A river rat (Lair:3)
  3 white imps (IceCv)
  2 ufetubi (IceCv)
  A dart slug (D:6)
  20 orcs
  2 endoplasms
  A giant cockroach (D:1)
  2 goblins
  5 kobolds
221 creatures vanquished.

Vanquished Creatures (others)
  2 ancestors (D:8)
  24 battlemagi
  A dart slug (D:6)
27 creatures vanquished.

Grand Total: 583 creatures vanquished

Notes
Turn   | Place    | Note
-------+----------+-------------------------------------------
     0 | D:1      | Maffolandro the Human Wanderer began the quest for the Orb.
     0 | D:1      | Maffolandro set off with the following items: a +0 sling, a
                  | +0 cloak, a potion of lignification, a +0 robe; and the
                  | following spell memorised: Summon Small Mammal; and the
                  | following spells available to memorise: Martyr's Knell,
                  | Summon Lightning Spire.
     0 | D:1      | Reached XP level 1. HP: 13/13 MP: 2/2
   255 | D:1      | Reached skill level 1 in Fighting
   255 | D:1      | Reached XP level 2. HP: 21/21 MP: 0/3
   600 | D:1      | Found Yczyklopp's Antique Armour Shoppe.
   664 | D:1      | Found a faded altar of an unknown god.
   904 | D:2      | Reached skill level 1 in Dodging
   947 | D:2      | Reached XP level 3. HP: 19/26 MP: 4/4
  1043 | D:2      | Reached skill level 2 in Fighting
  1217 | D:2      | Identified the +10 plate armour "Kuopug" {Dex+4 Stlth+}
  1518 | D:2      | Reached XP level 4. HP: 31/33 MP: 5/5
  1961 | D:3      | Found Ageteepe's Jewellery Emporium.
  1962 | D:3      | Found Orghopto's Assorted Antiques.
  2007 | D:3      | Found Fasseirch's Antique Weapon Emporium.
  2090 | D:3      | You fall into a shaft and drop 2 floors!
  2090 | D:5      | Entered Level 5 of the Dungeon
  2230 | D:5      | Noticed an ogre
  2231 | D:5      | Noticed a black bear
  2313 | D:5      | Killed an ogre
  2314 | D:5      | Reached skill level 3 in Fighting
  2314 | D:5      | Reached XP level 5. HP: 41/41 MP: 1/6
  2409 | D:3      | Found Rituton's Weapon Shop.
  2735 | D:3      | Found Tuinofua's Weapon Shoppe.
  2739 | D:3      | Bought a +2 trident of venom for 162 gold pieces
  3256 | D:4      | Reached skill level 4 in Fighting
  3256 | D:4      | Reached skill level 1 in Polearms
  3256 | D:4      | Reached XP level 6. HP: 45/48 MP: 7/7
  3634 | D:4      | Reached skill level 1 in Armour
  3756 | D:4      | Reached XP level 7. HP: 55/55 MP: 8/8
  4147 | D:5      | Reached skill level 5 in Fighting
  4227 | D:5      | Learned a level 3 spell: Call Canine Familiar
  4401 | D:5      | Found a faded altar of an unknown god.
  4406 | D:5      | Found a faded altar of an unknown god.
  4407 | D:5      | Found a hazy altar of Hepliaklqana.
  4415 | D:5      | Became a worshipper of Hepliaklqana the Forgotten
  4551 | D:6      | Reached XP level 8. HP: 53/62 MP: 9/9
  4599 | D:6      | Reached skill level 5 in Polearms
  4827 | D:6      | HP: 1/63 [electric eel/bolt of electricity (7)]
  4902 | D:6      | HP: 3/63 [orc/+0 quarterstaff (7)]
  5343 | D:6      | Reached skill level 6 in Fighting
  5604 | D:6      | Reached XP level 9. HP: 69/69 MP: 6/10
  6053 | D:7      | Found a broken altar of Ashenzari.
  6300 | D:7      | Found a staircase to the Ecumenical Temple.
  6344 | D:7      | Reached * piety under Hepliaklqana
  6828 | D:7      | Found a snail-covered altar of Cheibriados.
  6966 | D:8      | Reached skill level 7 in Fighting
  7332 | D:8      | Reached ** piety under Hepliaklqana
  7333 | D:8      | Remembered your ancestor Eadwine as a battlemage
  7371 | D:8      | Found a glowing golden altar of the Shining One.
  7619 | D:8      | Found a staircase to the Lair.
  7865 | D:9      | Noticed a two-headed ogre
  7911 | D:9      | Killed a two-headed ogre
  7912 | D:9      | Reached XP level 10. HP: 72/72 MP: 0/13
  8147 | D:9      | Reached skill level 8 in Fighting
  8295 | D:9      | Found Girej's Changing Room.
  8366 | D:9      | Noticed a gargoyle
  8375 | D:9      | Killed a gargoyle
  8637 | D:9      | Reached *** piety under Hepliaklqana
  8808 | D:10     | Entered Level 10 of the Dungeon
  9004 | D:10     | Noticed Joseph
  9028 | D:10     | Killed Joseph
  9116 | D:10     | Noticed a kobold demonologist
  9120 | D:10     | Noticed a rust devil
  9129 | D:10     | Killed a kobold demonologist
  9130 | D:10     | Reached XP level 11. HP: 62/78 MP: 10/14
  9191 | D:10     | Reached skill level 10 in Summonings
  9313 | D:10     | Reached skill level 9 in Fighting
  9721 | D:10     | Reached skill level 10 in Polearms
  9837 | D:11     | Identified a scroll of acquirement
  9842 | D:10     | Acquired a +6 ring of dexterity
  9979 | D:11     | Noticed a two-headed ogre
 10128 | D:11     | Noticed a two-headed ogre
 10133 | D:11     | Killed a two-headed ogre
 10222 | D:11     | Killed a two-headed ogre
 10493 | D:11     | Noticed an orc warlord
 10649 | D:11     | Killed an orc warlord
 10800 | D:12     | Reached **** piety under Hepliaklqana
 10812 | D:12     | Noticed a boulder beetle
 10823 | D:12     | Killed a boulder beetle
 11128 | D:12     | Reached skill level 10 in Fighting
 11181 | D:12     | Noticed a manticore
 11192 | D:12     | Killed a manticore
 11193 | D:12     | Reached XP level 12. HP: 80/87 MP: 15/15
 11552 | D:12     | Noticed a two-headed ogre
 11567 | D:12     | Killed a two-headed ogre
 11855 | D:12     | Noticed a boulder beetle
 11878 | D:12     | Killed a boulder beetle
 11917 | D:12     | Found a staircase to the Orcish Mines.
 12231 | Lair:1   | Entered Level 1 of the Lair of Beasts
 12365 | Lair:1   | Reached skill level 5 in Armour
 12765 | Lair:1   | Reached ***** piety under Hepliaklqana
 13101 | Lair:2   | Found a staircase to the Snake Pit.
 13115 | Lair:2   | Reached skill level 11 in Fighting
 13261 | Lair:2   | Reached XP level 13. HP: 95/95 MP: 16/19
 13323 | Lair:2   | Found a frozen archway.
 13445 | IceCv    | Entered an ice cave
 15051 | Lair:2   | Found a runed translucent door.
 15071 | Lair:2   | Noticed Reubyar's ghost (journeyman MiBe)
 15234 | Lair:2   | Found a staircase to the Shoals.
 16716 | Lair:4   | Reached skill level 12 in Fighting
 16935 | Lair:4   | Reached XP level 14. HP: 81/104 MP: 17/20
 16939 | Lair:4   | Reached skill level 13 in Fighting
 17529 | Lair:5   | Entered Level 5 of the Lair of Beasts
 17956 | Lair:5   | Reached skill level 14 in Fighting
 18625 | Lair:5   | Reached skill level 10 in Armour
 18640 | Lair:5   | Reached ****** piety under Hepliaklqana
 18752 | Lair:5   | Found a staircase to the Slime Pits.
 18754 | Lair:5   | Found a viscous altar of Jiyva.
 19129 | Lair:5   | Reached skill level 15 in Fighting
 19573 | Lair:5   | Found a burning altar of Makhleb.
 19579 | Lair:5   | Found a gateway to Hell.
 19963 | Orc:1    | Entered Level 1 of the Orcish Mines
 20070 | Orc:1    | Reached XP level 15. HP: 116/116 MP: 21/21
 20224 | Orc:1    | Noticed Snorg
 20228 | Orc:1    | Noticed Jorgrun
 20251 | Orc:1    | Mangled by Snorg

Illustrated notes

Levels and vault maps discovered:
D:1:      roderic_octagonal_star, layout_rooms, serial_shops, shop,
          shapermc_ecumenical_altar_totnotflames, minmay_misc_feat_alley
D:2:      layout_loops_ring
D:3:      layout_loops_ring, serial_aquarium, aquarium_bridge_straight
          [aquarium_subvault_bridge, aquarium_subvault_window,
          aquarium_subvault_bridge, aquarium_subvault_wall],
          aquarium_bridge_square [aquarium_subvault_wall,
          aquarium_subvault_bridge, aquarium_subvault_wall,
          aquarium_subvault_bridge], aquarium_window_2, aquarium_window_fake,
          aquarium_window_1, aquarium_window_1, aquarium_view_2g,
          aquarium_pool_five, serial_shops, shop, nicolae_shop_back_alley_shop,
          shop, shop, shop
D:4:      layout_loops_cross
D:5:      layout_basic, nicolae_hepliaklqana_ecumenical_no_more,
          nicolae_concentric_dashed_squares_mild
D:6:      kennysheep_slugbush, layout_rooms
D:7:      layout_loops_cross, cheibrodos_ashenzari_chains, slow_altar_2,
          minmay_temple_entry_tees
D:8:      layout_basic, tso_oasis_becter, dpeg_oklobed_lair
D:9:      layout_irregular_city, nicolae_transmutations_shop
D:10:     layout_gridville, uniq_joseph
D:11:     layout_loops_ring, kennysheep_just_a_vault
D:12:     minmay_opposing_rooms, layout_long_grid, david_orc_4
Lair:1:   layout_gridlike, cheibrodos_lair_lostbears,
          infiniplex_staircase_pool_2
Lair:2:   layout_small_grid, minmay_shoals_entry_lonely_mermaid,
          guppyfry_snake_entry_island, portal_ice_cave_entry_ice_simulacra,
          ebering_ghost_reflecting_pool
Lair:3:   layout_regular_city, kennysheep_rathole, lemuel_fruit_fields,
          serial_bayou_shore_a, grunt_megastairs_1
Lair:4:   layout_gridlike
Lair:5:   evil_forest, layout_cave_pods, nicolae_slime_entry_field_trip
Orc:1:    layout_caves, special_room [special_room_bee], basic_altar,
          nicolae_orc_pool_cavern, uniq_snorg, uniq_jorgrun, uniq_erica

Skill      XL: |  1  2  3  4  5  6  7  8  9 10 11 12 13 14 |
---------------+-------------------------------------------+-----
Fighting       | 1 2 3 4 5 6 7 8 10 11 12 15 | 15.5
Dodging        | 1 2 |  2.0
Polearms       | 1 2 4 6 8 9 10 12 14 | 14.0
Summonings     | 6 7 9 11 12 | 12.0
Armour         | 1 2 4 6 8 10 | 10.7
Spellcasting   | 2 4 |  4.0
Ranged Weapons | |  2.0
Stealth        | |  2.0

Action                     |  1- 3 |  4- 6 |  7- 9 | 10-12 | 13-15 || total
---------------------------+-------+-------+-------+-------+-------++-------
  Melee: Trident           |       |    67 |   226 |   502 |   851 ||  1646
         Punch             |       |       |       |     6 |    11 ||    17
   Fire: Sling             |    77 |    56 |       |       |       ||   133
  Throw: Dart              |       |     1 |    12 |       |       ||    13
   Cast: Summon Small Mamm |    39 |    44 |    27 |     9 |       ||   119
         Call Canine Famil |       |       |    36 |    45 |    53 ||   134
 Invoke: Recall Ancestor   |       |       |     1 |     3 |     8 ||    12
         Ancestor Life: Ba |       |       |     1 |       |       ||     1
         Transference      |       |       |       |       |     1 ||     1
    Use: Scroll            |       |       |       |    13 |     4 ||    17
   Stab: Distracted        |       |       |       |    15 |    15 ||    30
 Armour: Robe              |    14 |     9 |       |       |       ||    23
         Plate armour      |       |    46 |   106 |   160 |   637 ||   949
         Ring mail         |       |       |    83 |   184 |       ||   267
         Ice dragon scales |       |       |       |       |    32 ||    32
  Dodge: Dodged            |    13 |    15 |    57 |   167 |   236 ||   488
